 Dungeon Sprint DCSS version 0.21-a0-227-g58a7c62 (webtiles) character file.

7544 Kidiri the Unseen (level 10, -62/51 (53) HPs)
             Began as a Spriggan Enchanter on Aug 30, 2017.
             Was a Priest of Dithmenos.
             Killed from afar by a crystal guardian (67 damage)
             ... with a crystal bolt
             ... in the Dungeon (Sprint II: "The Violet Keep of Menkaure").
             The game lasted 00:16:20 (1831 turns).

Kidiri the Unseen (Spriggan Enchanter)              Turns: 1831, Time: 00:16:21

HP:   -62/51 (53)   AC:  2    Str:  4    XL:     10   Next: 96%
MP:   24/37         EV: 32    Int: 23    God:    Dithmenos [***...]
Gold: 804           SH:  2    Dex: 19    Spells: 23/35 levels left

rFire    . . .     SeeInvis +   a - +1 dagger
rCold    + . .     Gourm    .   (shield restricted)
rNeg     . . .     Faith    .   B - +0 robe (curse)
rPois    .         Spirit   .   (helmet restricted)
rElec    .         Reflect  +   (no cloak)
rCorr    .         Harm     .   (gloves unavailable)
MR       +....     NoTele   +   (boots unavailable)
Stlth    +++++++++.             k - +2 amulet of reflection
HPRegen  0.00/turn              l - ring of Zorphod {Wiz rC+}
MPRegen  0.25/turn              y - ring of magical power

@: brilliant, lethally poisoned (-62 -> -145), non-regenerating, diseased,
slowed, wreathed by umbra, quick
A: unfitting armour, see invisible, herbivore 3, speed 3, slow metabolism 2
a: Shadow Step, Renounce Religion


You were in the Dungeon.
You worshipped Dithmenos.
Dithmenos was most pleased with you.
You were not hungry.

You visited 1 branch You collected 1620 gold pieces.
You spent 816 gold pieces at shops.

Inventory:

Hand Weapons
 a - a +1 dagger (weapon)
Armour
 B - a cursed +0 robe (worn)
Jewellery
 k - a +2 amulet of reflection (around neck)
 l - the ring of Zorphod (left hand) {Wiz rC+}
   (You bought it in a shop in the Dungeon)

   [ring of wizardry]

   It improves your spell success rate.
   It protects you from cold.
 m - an uncursed ring of protection from fire
 v - an uncursed ring of protection from magic
 y - a ring of magical power (right hand)
Scrolls
 i - 2 scrolls of enchant armour {unknown}
 j - a scroll of blinking
 n - a scroll of fog
 p - 2 scrolls of magic mapping {unknown}
 q - a scroll of recharging {unknown}
 u - a scroll of amnesia {unknown}
 w - a scroll of immolation {unknown}
Potions
 e - 3 potions of curing
 g - a potion of haste
 h - 5 potions of magic
 s - 4 potions of resistance
 z - 2 potions of flight
 A - a potion of invisibility
Books
 c - a book of Maledictions

   Spells                             Type                      Level
   a - Corona                         Hexes                        1
   b - Ensorcelled Hibernation        Hexes/Ice                    2
   c - Confuse                        Hexes                        3
   d - Tukima's Dance                 Hexes                        3
   e - Dazzling Spray                 Conjuration/Hexes            3
Comestibles
 d - a bread ration
 x - 4 fruits


   Skills:
 + Level 6.7 Fighting
 * Level 12.3 Short Blades
 + Level 6.1 Armour
 * Level 15.5 Dodging
 * Level 17.0 Stealth
 * Level 13.4 Spellcasting
 + Level 10.4 Hexes
 - Level 3.0 Invocations


You had 23 spell levels left.
You knew the following spells:

 Your Spells              Type           Power        Failure   Level  Hunger
a - Corona                Hex            ######.      1%          1    None
b - Ensorcelled Hibernat  Hex/Ice        ######       1%          2    None
c - Confuse               Hex            ######..     1%          3    None
d - Tukima's Dance        Hex            ######..     1%          3    None
e - Dazzling Spray        Conj/Hex       ######       1%          3    None


Dungeon Overview and Level Annotations

Branches:
Dungeon (1/1)

Altars:
Cheibriados
Dithmenos
Elyvilon
Fedhas
Gozag
Hepliaklqana
Kikubaaqudgha
Makhleb
Nemelex Xobeh
Okawaru
Qazlal
Ru
Sif Muna
Trog
Uskayaw
Vehumet
Wu Jian
Xom
Yredelemnul
Zin
The Shining One
Beogh
Jiyva
Lugonu

Shops:
D :}:[[!=:?(=!!?%*

Annotations:
D exclusions: obsidian statue and oklob plant


Innate Abilities, Weirdness & Mutations

You are very small and have problems with some larger weapons.
You are too small for most types of armour.
You have supernaturally acute eyesight. (SInv)
You are a herbivore.
You cover ground extremely quickly.
You need consume almost no food.


Message History

The swamp drake is engulfed in dark miasma.
The swamp drake breathes noxious fumes at you.
The noxious blast engulfs the death drake.
The death drake appears unharmed.
The crystal guardian fires a crystalline bolt at you.
The crystal bolt misses you. x2
The crystal bolt burns the crystal guardian.
The crystal guardian completely resists.
The swamp drake is engulfed in dark miasma.
Unknown command.
You strike the helpless crystal guardian from behind!
You impale the crystal guardian!!
The crystal guardian is heavily damaged.
* * * LOW HITPOINT WARNING * * *
You feel very sick. The death drake barely misses you.
The crystal guardian fires a crystalline bolt at you.
The crystal bolt misses you. The crystal bolt burns you!
Ouch! That really hurt!
You die...

§§§§≈## ..▓ §§≈§≈≈## ▓▓+▓▓▓▓.▓
§8≈§§§§##++## +§..▓0..▓
≈§§§§§##≈...### #§§§▓▓▓▓▓▓▓▓▓▓
§§§§ e≈..^..###.§.▓≈≈≈§§≈≈≈▓▓
+#+++#####....#!##[)▓▓▓▓▓▓▓▓▓▓▓
......#..'.^.^#kk#)§▓.(.[..[.▓▓
#+##..#..####.#8k#):▓.[([.().▓▓
.#.##.####%(+.##@#)|▓.[......▓▓
.#..# ...#.%#...####▓.)......▓▓
.#.####..#####..##.#▓()...[..▓▓
#+###.##..# +..#%.#▓()..(...▓▓
#.##.#.#..# #..#..#▓(..[..).▓▓
.<.+###+..####..##)#▓..."..(.▓▓
#.##.#.#....###.^.##▓▓▓▓▓▓▓+▓▓▓▓+
#+###.##......≈≈≈≈≈≈≈≈≈≈≈≈≈...≈≈≈
#.#####≈≈.§...≈#+########+###.≈≈≈


You could see a death drake, a crystal guardian and 2 swamp drakes.

Vanquished Creatures
  A kraken (D)
  2 hell hogs (D)
  A death drake (D)
  2 deep trolls (D)
  2 spiny frogs (D)
  A yaktaur (D)
  2 tyrant leeches (D)
  3 polar bears (D)
  A hornet (D)
  2 hippogriffs (D)
  Menkaure (D)
  4 necrophages (D)
  4 crocodiles (D)
  A scorpion (D)
  4 worker ants (D)
  2 tentacles (D)
33 creatures vanquished.

Vanquished Creatures (others)
  A crocodile (D)
  8 tentacles (D)
9 creatures vanquished.

Grand Total: 42 creatures vanquished

Notes
Turn   | Place    | Note
-------+----------+-------------------------------------------
     0 | D        | Kidiri the Spriggan Enchanter began the quest for the Orb.
     0 | D        | Reached XP level 1. HP: 9/9 MP: 5/5
     1 | D        | Noticed a hippogriff
     1 | D        | Noticed a hippogriff
     4 | D        | Noticed a worker ant
     4 | D        | Noticed a worker ant
     7 | D        | Noticed a necrophage
     7 | D        | Noticed a necrophage
     7 | D        | Noticed a necrophage
     7 | D        | Noticed a necrophage
    13 | D        | Killed a necrophage
    13 | D        | Reached skill level 1 in Fighting
    13 | D        | Reached skill level 1 in Armour
    13 | D        | Reached skill level 5 in Dodging
    13 | D        | Reached skill level 7 in Stealth
    13 | D        | Reached XP level 2. HP: 14/15 MP: 5/8
    13 | D        | Reached XP level 3. HP: 17/18 MP: 6/10
    13 | D        | Reached XP level 4. HP: 21/23 MP: 6/11
    18 | D        | Killed a necrophage
    18 | D        | Reached skill level 5 in Short Blades
    18 | D        | Reached skill level 8 in Stealth
    18 | D        | Reached skill level 5 in Spellcasting
    18 | D        | Reached skill level 5 in Hexes
    18 | D        | Reached XP level 5. HP: 23/27 MP: 7/14
    27 | D        | Killed a necrophage
    27 | D        | Reached skill level 9 in Stealth
    34 | D        | Killed a necrophage
    34 | D        | Reached skill level 10 in Stealth
    34 | D        | Reached XP level 6. HP: 22/31 MP: 9/17
    50 | D        | Learned a level 2 spell: Ensorcelled Hibernation
    54 | D        | Learned a level 3 spell: Confuse
    58 | D        | Learned a level 3 spell: Tukima's Dance
    62 | D        | Learned a level 3 spell: Dazzling Spray
   184 | D        | Killed a hippogriff
   184 | D        | Reached skill level 11 in Stealth
   184 | D        | Reached XP level 7. HP: 34/35 MP: 17/19
   191 | D        | Killed a hippogriff
   191 | D        | Reached skill level 10 in Dodging
   201 | D        | Noticed a tyrant leech
   201 | D        | Noticed a tyrant leech
   207 | D        | Killed a tyrant leech
   207 | D        | Reached skill level 12 in Stealth
   209 | D        | Killed a tyrant leech
   209 | D        | Reached XP level 8. HP: 41/41 MP: 11/22
   271 | D        | Noticed an ice statue
   293 | D        | Noticed an orange crystal statue
   298 | D        | Found Kidoe's Food Emporium.
   299 | D        | Found Naxkox's Distillery.
   300 | D        | Found Gamuej's Antique Weapon Shoppe.
   300 | D        | Found Nuhin's Magic Scroll Emporium.
   300 | D        | Found Taf Goo's Book Shoppe.
   307 | D        | Found Tiutawny's Distillery.
   307 | D        | Found Xueckut's Antique Armour Shoppe.
   309 | D        | Found Ocwupt's Distillery.
   309 | D        | Found Yfewk's Antique Armour Emporium.
   310 | D        | Found Gooso's Book Shoppe.
   310 | D        | Found Ziegiff's Gadget Emporium.
   311 | D        | Found Lianasule's Magic Scroll Shoppe.
   311 | D        | Found Ysiol's Jewellery Emporium.
   311 | D        | Noticed an unseen horror
   312 | D        | Found Uzaojah's Assorted Antiques.
   312 | D        | Found Xaitt's Jewellery Emporium.
   315 | D        | Noticed an unseen horror
   315 | D        | Noticed an oklob plant
   316 | D        | Found Cesant's Book Shoppe.
   381 | D        | Bought a +2 amulet of reflection for 82 gold pieces
   381 | D        | Bought the ring of Zorphod {Wiz rC+} for 484 gold pieces
   389 | D        | Bought an uncursed ring of protection from fire for 250 gold pieces
   429 | D        | Noticed Menkaure
   430 | D        | Found an opulent altar of Gozag.
   431 | D        | Found a blossoming altar of Fedhas.
   432 | D        | Found a white marble altar of Elyvilon.
   432 | D        | Found a burning altar of Makhleb.
   434 | D        | Found a shadowy altar of Dithmenos.
   434 | D        | Found a corrupted altar of Lugonu.
   435 | D        | Found a snail-covered altar of Cheibriados.
   435 | D        | Found an ancient bone altar of Kikubaaqudgha.
   435 | D        | Found a bloodstained altar of Trog.
   436 | D        | Found a roughly hewn altar of Beogh.
   436 | D        | Found a viscous altar of Jiyva.
   436 | D        | Found a deep blue altar of Sif Muna.
   438 | D        | Found a hazy altar of Hepliaklqana.
   438 | D        | Found a sacrificial altar of Ru.
   440 | D        | Killed Menkaure
   440 | D        | Reached skill level 10 in Spellcasting
   441 | D        | Found a stormy altar of Qazlal.
   441 | D        | Found an ornate altar of the Wu Jian Council.
   441 | D        | Found a shimmering altar of Xom.
   441 | D        | Noticed a polar bear
   442 | D        | Noticed a polar bear
   442 | D        | Noticed a yaktaur
   446 | D        | Noticed a hornet
   449 | D        | Noticed a polar bear
   450 | D        | Killed a polar bear
   450 | D        | Reached skill level 13 in Stealth
   455 | D        | Killed a yaktaur
   457 | D        | Killed a hornet
   457 | D        | Reached skill level 5 in Fighting
   457 | D        | Reached XP level 9. HP: 46/46 MP: 2/24
   466 | D        | Killed a polar bear
   466 | D        | Reached skill level 14 in Stealth
   467 | D        | Killed a polar bear
   467 | D        | Reached skill level 10 in Short Blades
   479 | D        | Found a sparkling altar of Nemelex Xobeh.
   479 | D        | Found a hide-covered altar of Uskayaw.
   479 | D        | Found a basalt altar of Yredelemnul.
   479 | D        | Found a glowing golden altar of the Shining One.
   480 | D        | Found an iron altar of Okawaru.
   480 | D        | Found a radiant altar of Vehumet.
   480 | D        | Found a glowing silver altar of Zin.
   486 | D        | Became a worshipper of Dithmenos the Shadowed
   574 | D        | Noticed a death drake
   607 | D        | Noticed a hell hog
   608 | D        | Noticed a hell hog
   609 | D        | Killed a hell hog
   609 | D        | Reached * piety under Dithmenos
   609 | D        | Reached skill level 5 in Armour
   609 | D        | Reached skill level 1 in Invocations
   611 | D        | Killed a hell hog
   611 | D        | Reached skill level 15 in Stealth
   623 | D        | Noticed a deep elf master archer
   626 | D        | Noticed a spiny frog
   626 | D        | Noticed a spiny frog
   628 | D        | Killed a spiny frog
   628 | D        | Reached ** piety under Dithmenos
   631 | D        | Killed a spiny frog
   631 | D        | Reached XP level 10. HP: 52/52 MP: 25/27
   689 | D        | Noticed a kraken
  1006 | D        | HP: 1/53 [tentacle[a kraken] (6)]
  1381 | D        | Noticed an obsidian statue
  1403 | D        | Noticed a deep troll
  1404 | D        | Noticed a deep troll
  1405 | D        | Killed a deep troll
  1408 | D        | Killed a deep troll
  1408 | D        | Reached skill level 16 in Stealth
  1467 | D        | Killed a kraken
  1467 | D        | Reached *** piety under Dithmenos
  1467 | D        | Reached skill level 15 in Dodging
  1467 | D        | Reached skill level 10 in Hexes
  1820 | D        | Noticed a death drake
  1820 | D        | Noticed a crystal guardian
  1829 | D        | Killed a death drake
  1829 | D        | Reached skill level 17 in Stealth
  1831 | D        | Killed from afar by a crystal guardian

Vault maps used:
D:        the_violet_keep_of_menkaure

Skill      XL: |  1  2  3  4  5  6  7  8  9 10 |
---------------+-------------------------------+-----
Fighting       | 1 2 3 4 5 6 |  6.7
Short Blades   | 4 5 6 7 8 9 11 12 | 12.3
Armour         | 1 2 3 4 5 6 |  6.1
Dodging        | 5 6 8 9 11 12 14 15 | 15.5
Stealth        | 7 8 10 11 12 13 15 17 | 17.0
Spellcasting   | 4 5 7 8 9 10 12 13 | 13.4
Hexes          | 4 5 6 7 8 9 10 | 10.4
Invocations    | 2 3 |  3.0

Action                   |  1- 3 |  4- 6 |  7- 9 | 10-12 || total
-------------------------+-------+-------+-------+-------++-------
Melee: Dagger            |     4 |    25 |    25 |    33 ||    87
 Cast: Ensorcelled Hiber |       |     7 |    12 |    11 ||    30
       Dazzling Spray    |       |       |     1 |    14 ||    15
       Confuse           |       |       |     6 |     4 ||    10
Invok: Shadow Step       |       |       |       |     3 ||     3
  Use: Potion            |     1 |       |       |     3 ||     4
       Scroll            |       |       |       |     5 ||     5
 Stab: Sleeping          |       |     5 |    11 |     6 ||    22
       Confused          |       |       |     5 |     2 ||     7
       Invisible         |       |       |       |     4 ||     4
       Distracted        |       |       |       |     1 ||     1
Armor: Robe              |     1 |     1 |       |       ||     2
Dodge: Dodged            |       |     9 |    30 |    44 ||    83
Block: Other             |       |       |     1 |     2 ||     3

Table legend:
 A = Spawn XP
 B = Non-spawn XP
 C = Spawn XP percentage of total XP
 D = Spawn monster count
 E = Non-spawn monster count
 F = Spawn count percentage of total count
 G = Total turns spent on level
                    A         B        C        D         E        F      G
               +---------+---------+-------+---------+---------+-------+---------
         Total |       0 |   10778 |   0.0 |       0 |      31 |   0.0 |  1831
               +---------+---------+-------+---------+---------+-------+---------
             D |       0 |   10778 |   0.0 |       0 |      31 |   0.0 |  1831
               +---------+---------+-------+---------+---------+-------+---------
